 Dungeon Sprint DCSS version 0.13-a0-2776-g5b28ffd (webtiles) character file.

201 JacquesDerrida the Cloud Mage (level 5, -1/28 HPs)
             Began as a Tengu Air Elementalist on Aug 25, 2013.
             Was a Believer of Kikubaaqudgha.
             Slain by a flying skull (10 damage)
             ... in the Dungeon (Sprint VII: "The Pits").
             The game lasted 00:02:23 (327 turns).

JacquesDerrida the Cloud Mage (TeAE)                 Turns: 327, Time: 00:02:24

HP  -1/28        AC  7     Str 10      XL: 5   Next: 61%
MP   4/10        EV 12     Int 15      God: Kikubaaqudgha [**....]
Gold 20          SH  0     Dex 14      Spells:  3 memorised,  2 levels left

Res.Fire  : . . .   See Invis. : .   s - +1,+0 quarterstaff (protect)
Res.Cold  : . . .   Warding    : .   a - +0 robe
Life Prot.: . . .   Conserve   : .   (no shield)
Res.Poison: .       Res.Corr.  : .   (helmet restricted)
Res.Elec. : .       Clarity    : .   (no cloak)
Sust.Abil.: . .     Spirit.Shd : .   (no gloves)
Res.Mut.  : .       Prev.Telep.: +   (boots unavailable)
Res.Rott. : .       Flight     : .   (no amulet)
Saprovore : . . .                    (no ring)
                                     (no ring)

@: very slightly contaminated, hasted, very quick, slightly resistant to hostile
enchantments, unstealthy
A: able to fly, beak, talons 3
a: Fly, Receive Corpses, Renounce Religion


You were in the Dungeon.
You worshipped Kikubaaqudgha.
Kikubaaqudgha was most pleased with you.
You were not hungry.

You visited 1 branch

Inventory:

Hand weapons
 j - a +2,+2 dagger (quivered)
 s - a +1,+0 quarterstaff of protection (weapon)
Armour
 a - a +0 robe (worn)
Comestibles
 c - 8 bread rations
 k - 40 strawberries
 l - 7 meat rations
Scrolls
 n - 2 scrolls of vulnerability
 o - 3 scrolls of remove curse
 p - 5 scrolls of amnesia
 q - a scroll of summoning
Potions
 d - 5 potions of curing
 e - 5 potions of heal wounds
 g - 3 potions of magic
 h - 3 potions of berserk rage
 m - 2 potions of invisibility
Books
 b - a book of Air

   Spells                             Type                      Level
   *Shock                             Conjuration/Air              1
   *Swiftness                         Charms/Air                   2
   Repel Missiles                     Charms/Air                   2
   Flight                             Charms/Air                   3
   Static Discharge                   Conjuration/Air              3
   Lightning Bolt                     Conjuration/Air              5
 r - Kikubaaqudgha's Almanac of Necromancy
   (Kikubaaqudgha gifted it to you in the Dungeon)

   Spells                             Type                      Level
   *Animate Skeleton                  Necromancy                   1
   Corpse Rot                         Necromancy                   2
   Sublimation of Blood               Necromancy                   2
   Vampiric Draining                  Necromancy                   3
   Control Undead                     Necromancy                   4


   Skills:
 - Level 2.1 Dodging
 - Level 2.0 Stealth
 + Level 1.0 Spellcasting
 + Level 10.1 Conjurations
 - Level 10.8 Air Magic


You had 2 spell levels left.
You knew the following spells:

 Your Spells              Type           Power        Failure   Level  Hunger
a - Shock                 Conj/Air       ####         1%          1    ##.....
b - Animate Skeleton      Necr           N/A          28%         1    ##.....
c - Swiftness             Chrm/Air       ###.......   4%          2    ###....


Dungeon Overview and Level Annotations

Branches:
Dungeon (1/1)

Altars:
Ashenzari
Cheibriados
Elyvilon
Fedhas
Kikubaaqudgha
Makhleb
Nemelex Xobeh
Okawaru
Sif Muna
Trog
Vehumet
Xom
Yredelemnul
Zin
the Shining One
Beogh
Jiyva
Lugonu


Innate Abilities, Weirdness & Mutations

You can fly.
You have a beak for a mouth.
You have claws for feet.


Message History

Aiming: Shock
Press: ? - help, Shift-Dir - straight line, f/p - flying skull
Aim: a flying skull (heavily damaged)
The zap hits the flying skull.
The flying skull completely resists.
The flying skull is heavily damaged.
The zap misses the flying skull.
The flying skull barely misses you.
You miss the flying skull. Your kick misses the flying skull.
Your peck misses the flying skull.
The flying skull is heavily damaged.
You start to feel a little slower.
The flying skull hits you.
You closely miss the flying skull. Your kick misses the flying skull.
Your peck misses the flying skull.
The flying skull is heavily damaged.
The flying skull hits you.
You miss the flying skull. Your peck misses the flying skull.
The flying skull is heavily damaged.
The flying skull barely misses you. The flying skull hits you!
You die...
Kikubaaqudgha rasps: "You have failed me!
Welcome... death!"

############ #__________#
#_____..___#
#######'#############
#.))).'.'..##.........
#.))..#.#.(##......#..#
#######'#####..........
#.)..p..zz@.'...........
#'#####'#####......#..#.
#.#[[#.....##............
#o#.)#####'#####'#####++
#.#))#...).##.......#
#p#))#.....##.......#
#.#..###%####.......#
#.##'#.....##...<...#
#.#........##.......#


You could see a phantom and 2 flying skulls.

Vanquished Creatures
  A brain worm (D)
  Blork the orc (D)
  A crimson imp (D)
  A giant mite (D)
  A giant eyeball (D)
  2 ball pythons (D)
  A bat skeleton (D)
  A goblin (D)
  A giant newt (D)
  A rat (D)
11 creatures vanquished.

Notes
Turn   | Place    | Note
--------------------------------------------------------------
     0 | D        | JacquesDerrida, the Tengu Air Elementalist, began the quest for the Orb.
     0 | D        | Reached XP level 1. HP: 10/10 MP: 3/3
    42 | D        | Found a sparkling altar of Nemelex Xobeh.
    42 | D        | Found a shimmering altar of Xom.
    42 | D        | Found a deep blue altar of Sif Muna.
    42 | D        | Found a burning altar of Makhleb.
    42 | D        | Found an ancient bone altar of Kikubaaqudgha.
    42 | D        | Found a basalt altar of Yredelemnul.
    43 | D        | Found an iron altar of Okawaru.
    43 | D        | Found a roughly hewn altar of Beogh.
    43 | D        | Found a viscous altar of Jiyva.
    43 | D        | Found a corrupted altar of Lugonu.
    43 | D        | Found a glowing silver altar of Zin.
    43 | D        | Found a radiant altar of Vehumet.
    43 | D        | Found a blossoming altar of Fedhas.
    43 | D        | Found a snail-covered altar of Cheibriados.
    43 | D        | Found a white marble altar of Elyvilon.
    43 | D        | Found a bloodstained altar of Trog.
    43 | D        | Found a glowing golden altar of the Shining One.
    43 | D        | Found a shattered altar of Ashenzari.
    46 | D        | Became a worshipper of Kikubaaqudgha
    59 | D        | Reached skill level 5 in Air Magic
    63 | D        | Reached XP level 2. HP: 15/15 MP: 5/5
    64 | D        | Acquired Kikubaaqudgha's first power
    64 | D        | Received a gift from Kikubaaqudgha
    67 | D        | Identified Kikubaaqudgha's Almanac of Necromancy (Kikubaaqudgha gifted it to you in the Dungeon)
    70 | D        | Learned a level 1 spell: Animate Skeleton
    73 | D        | Noticed a brain worm
    91 | D        | Killed a brain worm
    91 | D        | Reached skill level 7 in Conjurations
    91 | D        | Reached skill level 8 in Air Magic
    91 | D        | Reached XP level 3. HP: 11/19 MP: 0/6
    91 | D        | Reached XP level 4. HP: 13/24 MP: 0/8
   236 | D        | Acquired Kikubaaqudgha's second power
   246 | D        | Learned a level 2 spell: Swiftness
   292 | D        | Noticed a flying skull
   294 | D        | Noticed a crimson imp
   294 | D        | Noticed a flying skull
   294 | D        | Noticed Blork the orc
   295 | D        | Noticed a phantom
   314 | D        | Killed a crimson imp
   314 | D        | Reached skill level 9 in Air Magic
   314 | D        | Reached XP level 5. HP: 14/28 MP: 1/10
   320 | D        | Killed Blork the orc
   320 | D        | Reached skill level 10 in Conjurations
   320 | D        | Reached skill level 10 in Air Magic
   327 | D        | Slain by a flying skull

Action                   |  1- 3 |  4- 6 || total
-------------------------+-------+-------++-------
Melee: Unarmed           |     5 |       ||     5
       Dagger            |     7 |     4 ||    11
       Quarterstaff      |       |     3 ||     3
 Cast: Shock             |     5 |    14 ||    19
       Swiftness         |       |     1 ||     1
  Use: Potion            |     1 |     3 ||     4
       Scroll            |       |     1 ||     1
 Stab: Sleeping          |     3 |       ||     3
